AoeStats
← az89

Oasis

510227237Analyzed
4v4 RM · 1d ago on Sep 30, 2026· 105m 3s· 8 players
Game mode
Random Map
Map size
Large (8 player)
Population
200
Speed
Normal
Resources
Standard
Victory
Conquest
Starting age
Dark Age
Ending age
Imperial Age
RankedLock teamsTeams togetherTeam positionsShared explorationLock speedFull tech treeHidden civsTurbo modeCheats
Victory
Defeat
🇺🇸 Mapuche · United States
909
+18
🇦🇷 Turks · Argentina
909
+18
🇦🇺 Romans · Australia
852
+20
🇫🇷 Japanese · France
840
+21
🇩🇴 Goths · Dominican Republic
1004
-21
🇩🇴 Persians · Dominican Republic
991
-21
🇩🇴 Khitans · Dominican Republic
966
-20
🇩🇴 Byzantines · Dominican Republic
841
-15
Gbetosaurus
8:49 Feudal Age
9:30 Loom
10:20 Wheelbarrow
9:55 Double-Bit Axe
12:35 Horse Collar
12:46 Gold Mining
12:48 Stone Mining
23:49 Castle Age
25:06 Hand Cart
27:03 Stone Shaft Mining
27:04 Gold Shaft Mining
26:41 Bow Saw
26:32 Heavy Plow
27:05 Treadmill Crane
32:51 Forging
33:26 Caravan
35:17 Iron Casting
38:14 Imperial Age
39:17 Butalmapu
42:18 Coinage
41:36 Elite Bolas Rider
42:07 Fletching
42:18 Padded Archer Armor
43:20 Masonry
43:07 Murder Holes
43:49 Hoardings
43:17 Malon
43:39 Conscription
43:55 Hoardings
43:44 Conscription
44:00 Hoardings
43:25 Bodkin Arrow
43:45 Leather Archer Armor
43:52 Ballistics
44:33 Chemistry
43:34 Murder Holes
45:01 Banking
52:06 Ring Archer Armor
52:36 Sappers
54:22 Pikeman
55:33 Crop Rotation
55:06 Scale Mail Armor
55:17 Elite Kona
56:01 Town Watch
69:48 Architecture
69:39 Chain Mail Armor
70:25 Blast Furnace
69:44 Chain Mail Armor
71:56 Halberdier
72:22 Arson
73:09 Plate Mail Armor
83:12 Town Patrol
83:24 Siege Engineers
91:02 Elite Skirmisher
99:52 Careening
99:52 Clinker Construction
99:48 Siphons
99:29 Arrowslits
100:04 Bombard Tower
99:16 Champi Runner
99:19 Crossbowman
101:46 Spies/Treason
Cheu7855
8:29 Loom
12:22 Feudal Age
17:51 Castle Age
15:56 Double-Bit Axe
28:34 Imperial Age
30:42 Horse Collar
30:55 Gold Mining
30:57 Stone Mining
32:45 Wheelbarrow
31:55 Town Watch
33:26 Bloodlines
33:18 Husbandry
33:45 Bow Saw
34:40 Gold Shaft Mining
36:10 Ballistics
36:43 Conscription
38:22 Scale Barding Armor
38:27 Forging
38:25 Heavy Plow
40:43 Two-Man Saw
39:19 Elite Janissary
41:24 Artillery
41:47 Sipahi
43:02 Caravan
45:50 Masonry
45:20 Treadmill Crane
45:36 Murder Holes
45:49 Padded Archer Armor
45:39 Fletching
49:44 Bodkin Arrow
50:05 Leather Archer Armor
56:54 Bracer
57:24 Ring Archer Armor
57:14 Chain Barding Armor
60:12 Ring Archer Armor
60:18 Plate Barding Armor
60:19 Iron Casting
81:58 Architecture
82:32 Blast Furnace
81:33 Scale Mail Armor
101:40 Spies/Treason
az89
3:54 Loom
11:08 Feudal Age
11:35 Double-Bit Axe
11:46 Gold Mining
12:25 Town Watch
14:06 Horse Collar
22:25 Castle Age
20:51 Stone Mining
23:26 Wheelbarrow
24:04 Bow Saw
23:58 Heavy Plow
24:16 Caravan
31:57 Scale Barding Armor
32:03 Forging
32:12 Hand Cart
34:44 Imperial Age
32:16 Town Patrol
32:14 Man-at-Arms
33:04 Squires
32:56 Long Swordsman
35:50 Conscription
35:51 Comitatenses
37:23 Iron Casting
36:49 Scale Mail Armor
37:26 Crop Rotation
44:41 Legionary
45:49 Elite Centurion
47:28 Gold Shaft Mining
48:09 Blast Furnace
47:50 Chain Barding Armor
47:46 Chain Mail Armor
47:22 Fletching
48:14 Fortified Wall
48:11 Pikeman
49:44 Ballistics
50:25 Chemistry
49:23 Murder Holes
49:39 Masonry
49:37 Siege Engineers
52:57 Halberdier
55:38 Plate Barding Armor
54:59 Bodkin Arrow
77:07 Heavy Scorpion
79:37 Ballistas
82:52 Capped Ram
85:49 Siege Ram
100:58 Spies/Treason
uselessplayer
11:21 Loom
13:10 Feudal Age
17:58 Castle Age
15:50 Double-Bit Axe
15:46 Horse Collar
17:52 Gold Mining
18:43 Town Watch
19:42 Bow Saw
19:32 Heavy Plow
20:25 Wheelbarrow
21:49 Gold Shaft Mining
24:35 Fletching
25:29 Thumb Ring
33:40 Husbandry
34:51 Hand Cart
Overlaser
0:43 Loom
12:48 Feudal Age
13:22 Double-Bit Axe
14:32 Town Watch
19:43 Wheelbarrow
19:43 Stone Mining
20:41 Fletching
20:41 Horse Collar
22:12 Gold Mining
25:41 Castle Age
23:46 Scale Mail Armor
23:41 Man-at-Arms
25:09 Forging
27:51 Iron Casting
27:31 Chain Mail Armor
27:08 Long Swordsman
31:44 Bow Saw
33:33 Hand Cart
34:20 Stone Shaft Mining
35:12 Squires
35:54 Pikeman
36:53 Town Patrol
37:33 Heavy Plow
40:00 Anarchy
44:58 Imperial Age
46:03 Conscription
47:06 Chemistry
46:35 Ballistics
47:09 Halberdier
47:10 Two-Handed Swordsman
50:22 Elite Skirmisher
51:08 Treadmill Crane
77:49 Two-Man Saw
TruenoG7
0:29 Loom
11:21 Feudal Age
12:38 Double-Bit Axe
12:47 Horse Collar
14:28 Wheelbarrow
19:05 Gold Mining
21:48 Stone Mining
22:32 Bloodlines
26:03 Castle Age
25:06 Forging
25:44 Scale Barding Armor
26:23 Light Cavalry
27:03 Husbandry
27:59 Bow Saw
29:35 Iron Casting
29:59 Hand Cart
31:48 Heavy Plow
33:31 Town Watch
34:11 Chain Barding Armor
35:27 Ballistics
35:39 Murder Holes
36:38 Town Patrol
36:45 Fletching
38:14 Bodkin Arrow
38:20 Padded Archer Armor
41:46 Imperial Age
39:47 Kamandaran
40:34 Gold Shaft Mining
40:34 Stone Shaft Mining
40:20 Masonry
42:42 Hoardings
42:27 Conscription
43:10 Chemistry
42:41 Architecture
43:03 Crop Rotation
43:39 Two-Man Saw
42:38 Cavalier
42:59 Crossbowman
43:46 Thumb Ring
43:54 Hussar
46:13 Leather Archer Armor
46:36 Hoardings
47:04 Blast Furnace
46:39 Plate Barding Armor
47:06 Citadels
49:39 Ring Archer Armor
48:32 Savar
49:48 Elite War Elephant
55:26 Caravan
BRUCEWILLY
1:13 Loom
14:27 Feudal Age
17:02 Wheelbarrow
20:26 Castle Age
18:46 Forging
18:37 Scale Mail Armor
18:43 Scale Barding Armor
21:26 Light Cavalry
22:36 Husbandry
25:24 Iron Casting
32:47 Hand Cart
40:56 Double-Bit Axe
43:14 Chain Mail Armor
43:42 Town Watch
46:12 Bow Saw
45:48 Domestication
55:25 Lamellar Armor
56:36 Gold Mining
56:37 Stone Mining
57:18 Murder Holes
57:45 Ballistics
57:36 Masonry
61:15 Fortified Wall
61:18 Pikeman
61:58 Squires
65:16 Imperial Age
67:38 Elite Fire Lancer
68:04 Arson
69:43 Plate Mail Armor
69:34 Chain Barding Armor
69:39 Town Patrol
72:51 Padded Archer Armor
75:45 Capped Ram
79:15 Pastoralism
80:11 Plate Barding Armor
79:39 Elite Skirmisher
Dios Kira 09
4:50 Loom
12:07 Feudal Age
13:20 Double-Bit Axe
17:11 Horse Collar
20:55 Wheelbarrow
23:36 Castle Age
22:37 Gold Mining
24:29 Husbandry
25:48 Scale Barding Armor
26:30 Bow Saw
27:54 Gold Shaft Mining
27:39 Forging
29:53 Chain Barding Armor
31:25 Iron Casting
34:25 Heavy Plow
43:25 Imperial Age
41:15 Hand Cart
44:40 Logistica
45:11 Plate Barding Armor
49:46 Chemistry
49:58 Two-Man Saw
49:57 Conscription
49:24 Elite Skirmisher
55:46 Elite Cataphract
59:45 Ballistics
59:32 Fletching
63:53 Bodkin Arrow
65:12 Heavy Camel Rider
79:47 Light Cavalry
82:38 Hussar
Connection lost

Rejoining the realm…

Still unreachable

The connection could not be restored.

Session expired

The server has moved on; the page needs a fresh start.